 Dungeon Crawl Stone Soup version 0.18.1-48-g4cf74bf (webtiles) character file.

108 nikopol the Chopper (level 4, 0/61 HPs)
             Began as a Minotaur Berserker on Aug 22, 2016.
             Was a Believer of Trog.
             Succumbed to an adder's poison
             ... on level 3 of the Dungeon.
             The game lasted 00:02:27 (1623 turns).

nikopol the Chopper (Minotaur Berserker)            Turns: 1623, Time: 00:02:28

Health: 0/61       AC:  2    Str: 27    XL:     4   Next: 58%
Magic:  3/3        EV: 12    Int:  4    God:    Trog [**....]
Gold:   82         SH:  0    Dex: 10    Spells: 0 memorised, 3 levels left

rFire  . . .     SeeInvis .     a - +0 hand axe
rCold  . . .     Gourm    .     b - +0 animal skin
rNeg   . . .     Faith    .     (no shield)
rPois  .         Spirit   .     (helmet restricted)
rElec  .         Dismiss  .     (no cloak)
rCorr  .         Reflect  .     (no gloves)
SustAt .         Harm     .     (no boots)
MR     .....                    (no amulet)
Stlth  ..........               (no ring)
                                (no ring)

@: berserking (expiring), lethally poisoned (0 -> -4), very quick, not resistant
to hostile enchantments, extremely unstealthy
A: retaliatory headbutt, horns 2
a: Berserk, Trog's Hand, Burn Spellbooks, Renounce Religion


You were on level 3 of the Dungeon.
You worshipped Trog.
Trog was pleased with you.
You were hungry.

You visited 1 branch of the dungeon, and saw 3 of its levels.

You collected 82 gold pieces.

Inventory:

Hand Weapons
 a - a +0 hand axe (weapon)
Armour
 b - a +0 animal skin (worn)
Scrolls
 d - a scroll of identify {unknown}
 e - a scroll of magic mapping {unknown}
Potions
 g - 3 potions of invisibility {unknown}
 h - a potion of heal wounds {unknown}
 j - a potion of curing {unknown}
Comestibles
 c - a bread ration
 f - a meat ration


   Skills:
 + Level 4.4 Fighting
 + Level 4.8 Axes
 + Level 3.4 Armour
 + Level 3.0 Dodging


You had 3 spell levels left.
You didn't know any spells.

Dungeon Overview and Level Annotations

Branches:
Dungeon (3/15)

Altars:
Ashenzari


Innate Abilities, Weirdness & Mutations

You reflexively headbutt those who attack you in melee.
You have a pair of horns on your head.


Message History

Trog accepts your kill.
The gnoll hits you from afar with a spear.
* * * LOW HITPOINT WARNING * * *
* * * LOW HITPOINT WARNING * * *
You feel sick. The gnoll barely misses you.
You slash the gnoll!
The gnoll is severely wounded.
You barely miss the gnoll. Your headbutt misses the gnoll.
The gnoll is severely wounded.
* * * LOW HITPOINT WARNING * * *
You feel sick. The gnoll barely misses you. You furiously retaliate!
You headbutt the gnoll!
You feel the power of Trog in you as your rage grows.
You kill the gnoll!
Trog accepts your kill.
Your Dodging skill increases to level 3!
Things that are here:
a spear; a gnoll corpse You butcher the gnoll corpse.
You enjoyed that.
You die...

... ... [. .. ....
# ##. ......
).###.. ......
#......####......
.......@........$
#####.).........
#...........?#####
..#.##)......#...##
...#.†........$...
##.................
.......###.(.).....
#..#### ##.........
..# #..<.......


There were no monsters in sight!

Vanquished Creatures
  2 gnolls (D:3)
  4 adders
  An ooze (D:3)
  A worm (D:2)
  2 dart slugs
  A giant cockroach (D:2)
  2 goblins (D:1)
  A hobgoblin (D:1)
  11 jackals
  3 kobolds
  A quokka (D:2)
  6 bats
  A giant newt (D:3)
  8 rats (D:1)
44 creatures vanquished.

Vanquished Creatures (others)
  4 toadstools (D:1)
4 creatures vanquished.

Grand Total: 48 creatures vanquished

Notes
Turn   | Place    | Note
--------------------------------------------------------------
     0 | D:1      | nikopol the Minotaur Berserker began the quest for the Orb.
     0 | D:1      | Reached XP level 1. HP: 19/19 MP: 0/0
   111 | D:1      | Reached XP level 2. HP: 27/27 MP: 1/1
   522 | D:1      | Reached ** piety under Trog
   841 | D:1      | Reached XP level 3. HP: 33/33 MP: 2/2
  1201 | D:2      | Found a shattered altar of Ashenzari.
  1449 | D:2      | Reached XP level 4. HP: 29/41 MP: 3/3
  1617 | D:3      | HP: 3/61 [gnoll/whip (6)]
  1619 | D:3      | HP: 1/61 [poisoned by an adder]
  1623 | D:3      | Succumbed to an adder's poison

Skill      XL: |  1  2  3  4 |
---------------+-------------+-----
Axes           | 4 |  4.8
Fighting       | 4 |  4.4
Armour         | 3 |  3.4
Dodging        | 3 |  3.0

Action                   |  1- 3 |  4- 6 || total
-------------------------+-------+-------++-------
Melee: Hand axe          |    73 |    15 ||    88
       Headbutt          |     7 |     3 ||    10
Invok: Berserk           |       |     1 ||     1
 Stab: Sleeping          |       |     1 ||     1
  Eat: Chunk             |     2 |       ||     2
Armor: Animal skin       |    21 |     2 ||    23
Dodge: Dodged            |    71 |    11 ||    82
